[Event "Continental-ch Women America 2017"]
[Site "Villa Martelli"]
[Date "2017.09.07"]
[Round "3.9"]
[White "Cordero, Daniela"]
[Black "Alboredo, Julia"]
[Result "1-0"]
[ECO "A00"]
[WhiteElo "2005"]
[BlackElo "2120"]
[Annotator "NA RC"]
[PlyCount "89"]
[EventDate "2017.??.??"]
[EventType "swiss"]
[EventCountry "ARG"]
[SourceTitle "playchess.com"]
[Source "ChessBase"]
[SourceQuality "1"]
[TimeControl "40/5400+30:1800+30"]

1. d4 Nf6 2. Nf3 e6 3. e3 c5 4. Bd3 d5 5. b3 Nc6 6. Bb2 Bd6 7. O-O O-O 8. a3 b6 9. Nbd2 Bb7 10. Ne5 Rc8 11. Qe2 Ne7 12. f4 Ne4 13. c4 f6 14. Nef3 cxd4 15. Nxd4 Qd7 16. cxd5 exd5 17. Nxe4 dxe4 18. Bb5 Bc6 19. Nxc6 Nxc6 20. Rac1 Kh8 21. Qc4 Bc5 22. Rcd1 Qe7 23. Qc3 Nb8 24. Rc1 Qb7 25. b4 Be7 26. Qb3 Rfd8 27. Qf7 a5 28. Bc4 Rf8 29. Qe6 Rce8 30. Bb5 Rd8 31. Rfd1 axb4 32. Rxd8 Rxd8 33. axb4 Bxb4 34. Bxf6 Rf8 35. Bd4 Bc5 36. Bxc5 bxc5 37. Rxc5 Qa7 38. Qc4 h6 39. Kf2 Qe7 40. g3 Qd8 41. Qxe4 Qd2+ 42. Be2 Qd7 43. Bd3 Kg8 44. Qh7+ Kf7 45. Rf5+ 1-0

[Event "Continental-ch Women America 2017"]
[Site "Villa Martelli"]
[Date "2017.09.07"]
[Round "3.10"]
[White "Coelho, Tatiane Cristina"]
[Black "Besso, Guadalupe"]
[Result "0-1"]
[ECO "A00"]
[WhiteElo "1777"]
[BlackElo "1994"]
[Annotator "NA RC"]
[PlyCount "85"]
[EventDate "2017.??.??"]
[EventType "swiss"]
[EventCountry "ARG"]
[SourceTitle "playchess.com"]
[Source "ChessBase"]
[SourceQuality "1"]
[TimeControl "40/5400+30:1800+30"]

1. e4 c5 2. Nc3 Nc6 3. f4 g6 4. Nf3 Bg7 5. Bb5 Nd4 6. O-O a6 7. Bd3 e6 8. e5 d5 9. Nxd4 cxd4 10. Ne2 Qb6 11. b3 Ne7 12. Bb2 Nc6 13. Qe1 O-O 14. Qf2 f6 15. Nxd4 fxe5 16. Nxc6 Qxc6 17. c4 Rxf4 18. Qg3 Qd6 19. Rae1 d4 20. Re4 Rxf1+ 21. Bxf1 Qe7 22. Bd3 Bd7 23. Rh4 Bc6 24. Qh3 Rf8 25. Qg3 Qf6 26. Ba3 Rf7 27. Bd6 e4 28. Rf4 Qd8 29. Rxf7 Kxf7 30. Be2 d3 31. Bg4 Bd4+ 32. Kh1 Qf6 33. Qf4 h5 34. Bd1 e5 35. Qxf6+ Kxf6 36. h3 Bf2 37. Bb4 Bd4 38. Kh2 b6 39. g4 a5 40. Ba3 hxg4 41. hxg4 Bf2 42. Bb2 Be1 43. Bc1 {( 0-1 en la jugada 63 )} 0-1

[Event "Continental-ch Women America 2017"]
[Site "Villa Martelli"]
[Date "2017.09.07"]
[Round "3.12"]
[White "Librelato, Ana Julia Goulart"]
[Black "Strgacich, Aylen"]
[Result "0-1"]
[ECO "A00"]
[WhiteElo "1667"]
[BlackElo "1897"]
[Annotator "NA RC"]
[PlyCount "170"]
[EventDate "2017.??.??"]
[EventType "swiss"]
[EventCountry "ARG"]
[SourceTitle "playchess.com"]
[Source "ChessBase"]
[SourceQuality "1"]
[TimeControl "40/5400+30:1800+30"]

1. e4 c5 2. Nf3 d6 3. d4 cxd4 4. Nxd4 Nf6 5. Nc3 a6 6. g3 e5 7. Nde2 Be7 8. Bg2 O-O 9. O-O b5 10. h3 Bb7 11. Be3 Nbd7 12. Nd5 Nxd5 13. exd5 f5 14. a3 Rc8 15. Nc3 Bf6 16. a4 b4 17. Na2 a5 18. c3 bxc3 19. Nxc3 e4 20. Bd4 Ne5 21. Kh1 Nd3 22. Bxf6 Qxf6 23. Qd2 Ba6 24. Nd1 Nb4 25. Rg1 Rc2 26. Qe3 Nxd5 27. Qb3 Rc5 28. Ne3 Qf7 29. Rgd1 Nxe3 30. Qxe3 Bd3 31. Rd2 Qc7 32. Kh2 d5 33. Bf1 f4 34. gxf4 Bxf1 35. Rxf1 Qxf4+ 36. Qxf4 Rxf4 37. Rfd1 Rf5 38. Kg3 Kf7 39. Kg4 Ke6 40. Re2 Rc4 41. b3 Rc3 42. Re3 Rxe3 43. fxe3 Rf3 44. Re1 Ke5 45. b4 axb4 46. a5 Rf6 47. Rb1 Ra6 48. Rxb4 Rxa5 49. Rb7 Ra1 50. Kg3 Rg1+ 51. Kf2 Rg5 52. h4 Rf5+ 53. Ke2 Kf6 54. Rb6+ Kf7 55. Rb7+ Kg6 56. Rb6+ Rf6 57. Rb5 Rd6 58. Kd2 Rd7 59. Kc3 Kf5 60. Kd4 Kg4 61. Rb1 h6 62. Rg1+ Kxh4 63. Ke5 g5 64. Rh1+ Kg3 65. Rxh6 g4 66. Ke6 Rd8 67. Rg6 Kf3 68. Rg5 g3 69. Ke7 Ra8 70. Rxd5 Kxe3 71. Rg5 Kf4 72. Rg6 Ra7+ 73. Kd8 e3 74. Rf6+ Ke4 75. Re6+ Kf3 76. Rf6+ Kg2 77. Re6 Kf2 78. Rf6+ Kg1 79. Re6 Ra3 80. Kc7 g2 81. Kb6 Kf1 82. Rf6+ Ke1 83. Rg6 Ra2 84. Kb5 Kf1 85. Rf6+ Rf2 0-1

[Event "Continental-ch Women America 2017"]
[Site "Villa Martelli"]
[Date "2017.09.07"]
[Round "3.13"]
[White "Bosco, Giuliana"]
[Black "Ocampo, Derly Gineth"]
[Result "0-1"]
[ECO "A00"]
[WhiteElo "1582"]
[BlackElo "1821"]
[Annotator "NA RC"]
[PlyCount "122"]
[EventDate "2017.??.??"]
[EventType "swiss"]
[EventCountry "ARG"]
[SourceTitle "playchess.com"]
[Source "ChessBase"]
[SourceQuality "1"]
[TimeControl "40/5400+30:1800+30"]

1. e4 e5 2. Nf3 Nc6 3. d4 exd4 4. Bc4 h6 5. O-O Bc5 6. c3 d6 7. cxd4 Bb6 8. h3 Nge7 9. Nc3 Bd7 10. Be3 O-O 11. Nh4 Kh7 12. Bb3 f5 13. exf5 Nxf5 14. Nxf5 Bxf5 15. Ne2 Qf6 16. Ng3 Bd7 17. Qd3+ Qg6 18. Qd2 Kh8 19. Bc2 Qf7 20. Ne2 Bf5 21. Nf4 Bxc2 22. Qxc2 Qf5 23. Ng6+ Kg8 24. Qb3+ d5 25. Nxf8 Rxf8 26. Rad1 Rf6 27. Qd3 Qh5 28. Bd2 Bxd4 29. Bc3 Bxc3 30. bxc3 Rd6 31. Qe3 Qf7 32. Rfe1 a6 33. Qe8+ Qxe8 34. Rxe8+ Kf7 35. Re3 Na5 36. Red3 c6 37. Rd4 Re6 38. Ra4 Nc4 39. Rb1 Re7 40. Rab4 b5 41. Rd1 Re2 42. Ra1 a5 43. Rbb1 a4 44. Kf1 Rc2 45. Rc1 Rb2 46. Kg1 a3 47. Kf1 Ke6 48. Ke1 Ne5 49. Rd1 Rc2 50. Rd2 Rxc3 51. Re2 Kd6 52. Kd2 b4 53. Rb1 Nc4+ 54. Ke1 Nb2 55. Kf1 d4 56. Rbe1 d3 57. Re6+ Kc5 58. R6e5+ Kb6 59. R1e4 Rc1+ 60. Re1 Rxe1+ 61. Kxe1 d2+ 0-1